 Dungeon Crawl Stone Soup version 0.27.1-2-g3b301248ec (webtiles) character file.

Game seed: 1744590189601632790

287 Rjadawoj the Chopper (level 6, -9/84 HPs)
             Began as a Minotaur Berserker on Sept 5, 2021.
             Was a Believer of Trog.
             Mangled by an ogre (18 damage)
             ... on level 6 of the Dungeon on Sept 28, 2021.
             The game lasted 00:10:46 (2166 turns).

Rjadawoj the Chopper (Minotaur Berserker)           Turns: 2166, Time: 00:10:46

Health: -9/84      AC:  9    Str: 23    XL:     6   Next: 8%
Magic:  5/5        EV:  8    Int: 10    God:    Trog [**....]
Gold:   76         SH:  0    Dex: 10    Spells: 5/5 levels left

rFire    . . .     SeeInvis .   a - +1 hand axe
rCold    . . .     Faith    .   (no shield)
rNeg     . . .     Spirit   .   e - +0 chain mail
rPois    .         Reflect  .   (helmet restricted)
rElec    .         Harm     .   (no cloak)
rCorr    .         Rampage  .   c - +0 pair of gloves
Will     .....                  (no boots)
Stlth    ..........             (no amulet)
HPRegen  0.24/turn              n - +6 ring of intelligence
MPRegen  0.09/turn              (no ring)

@: berserking, very quick
A: horns 2, retaliatory headbutt
a: Renounce Religion, Berserk, Trog's Hand


You were on level 6 of the Dungeon.
You worshipped Trog.
Trog was pleased with you.
You visited 1 branch of the dungeon, and saw 4 of its levels.

You collected 76 gold pieces.

Inventory:

Hand Weapons
 a - a +1 hand axe (weapon)
Armour
 c - a +0 pair of gloves (worn)
 e - a +0 chain mail (worn)
Jewellery
 n - a +6 ring of intelligence (left hand)
Scrolls
 b - a scroll of identify
 d - a scroll of noise {unknown}
 g - a scroll of teleportation
 h - 2 scrolls of magic mapping {unknown}
 i - a scroll of acquirement {unknown}
Potions
 f - a potion of brilliance


   Skills:
 - Level 5.1 Fighting
 * Level 7.4 Axes
 - Level 2.4 Armour
 - Level 2.1 Dodging


You had 5 spell levels left.
You didn't know any spells.
Your spell library was empty.

Dungeon Overview and Level Annotations

Branches:
Dungeon (3/15)

Altars:


Innate Abilities, Weirdness & Mutations

You have a pair of horns on your head.
You reflexively headbutt those who attack you in melee.


Message History

You hit the howler monkey.
The howler monkey is almost dead.
The howler monkey hits you.
Your chain mail prevents you from hitting the howler monkey.
You headbutt the howler monkey.
You kill the howler monkey!
Trog accepts your kill.
You have reached level 6!
Your experience leads to an increase in your attributes!
Your base attributes are Str 22, Int 4, Dex 10.
Increase (S)trength, (I)ntelligence, or (D)exterity?
You feel stronger.
You start resting.
An ogre comes into view. It is wielding a +0 giant spiked club.
The ogre shouts!
The ogre hits you with a +0 giant spiked club!
You hit the ogre but do no damage. You hit the ogre.
Your headbutt misses the ogre.
The ogre is lightly wounded.
The ogre hits you with a +0 giant spiked club!
You hit the ogre.
You headbutt the ogre, but do no damage.
The ogre is moderately wounded.
The ogre hits you with a +0 giant spiked club!!
You hit the ogre but do no damage.
The ogre is moderately wounded.
You slash the ogre!
The ogre is heavily wounded.
The ogre hits you with a +0 giant spiked club.
* * * LOW HITPOINT WARNING * * *
You completely miss the ogre. Your headbutt misses the ogre.
The ogre is heavily wounded.
The ogre hits you with a +0 giant spiked club!
* * * LOW HITPOINT WARNING * * *
A red film seems to cover your vision as you go berserk!
You feel yourself moving faster!
You feel mighty!
You slash the ogre! You headbutt the ogre.
The ogre is almost dead.
The ogre hits you with a +0 giant spiked club!!
You die...

#..............
#..............
#..............
#..............
#.............#
#..........#
#........# #####†O###
##### ##@## ###...##
##..## ##......##
#....###........#
#...#...#.........##
#...####.............#
..## ###...........# #
#.........(.#
#...........#
#.....<.....#


You could see an ogre.

Vanquished Creatures
  A necrophage (D:6)
  A howler monkey (D:6)
  A jelly (D:6)
  An orc priest (D:6)
  A howler monkey zombie (D:6)
  3 adders (D:2)
  2 worms
  3 dart slugs
  2 orcs (D:6)
  2 endoplasms
  2 giant cockroaches (D:1)
  3 goblins
  2 hobgoblins
  4 jackals (D:1)
  5 kobolds
  2 quokkas (D:1)
  3 ball pythons (D:1)
  5 bats
  11 frilled lizards
  6 rats
60 creatures vanquished.

Vanquished Creatures (others)
  2 fungi (D:2)
  8 plants (D:2)
10 creatures vanquished.

Grand Total: 70 creatures vanquished

Notes
Turn   | Place    | Note
-------+----------+-------------------------------------------
     0 | D:1      | Rjadawoj the Minotaur Berserker began the quest for the
                  | Orb.
     0 | D:1      | Reached XP level 1. HP: 19/19 MP: 0/0
   116 | D:1      | Reached skill level 4 in Axes
   129 | D:1      | Reached XP level 2. HP: 20/27 MP: 1/1
   444 | D:1      | Reached ** piety under Trog
   624 | D:1      | Reached XP level 3. HP: 31/33 MP: 2/2
   769 | D:2      | Found a faded altar of an unknown god.
   914 | D:2      | Reached skill level 5 in Axes
  1073 | D:2      | Upgraded the game from 0.27.1-1-g398f81649c to
                  | 0.27.1-2-g3b301248ec
  1174 | D:2      | Reached XP level 4. HP: 41/41 MP: 3/3
  1737 | D:3      | You fall into a shaft and drop 3 floors!
  1739 | D:6      | Noticed a necrophage
  1763 | D:6      | Killed a necrophage
  1764 | D:6      | Reached skill level 5 in Fighting
  1764 | D:6      | Reached skill level 6 in Axes
  1764 | D:6      | Reached XP level 5. HP: 31/48 MP: 4/4
  2016 | D:6      | Reached skill level 7 in Axes
  2096 | D:6      | Reached XP level 6. HP: 43/56 MP: 5/5
  2166 | D:6      | Mangled by an ogre

Illustrated notes

Levels and vault maps discovered:
D:1:      minmay_arrival_five_plusses, layout_basic
D:2:      layout_loops_ring, shapermc_ecumenical_altar_mp_ritualfount,
          minmay_lizard_king
D:3:      layout_basic, lemuel_another_geyser, uniq_grinder,
          uniq_crazy_yiuf_cottage, uniq_terence
D:6:      layout_cave_pods, serial_shops, shop, due_unseen_surprise

Skill      XL: |  1  2  3  4  5 |
---------------+----------------+-----
Axes           | 4 5 6 7 |  7.4
Fighting       | 4 5 |  5.1
Armour         | |  2.4
Dodging        | |  2.1

Action                   |  1- 3 |  4- 6 || total
-------------------------+-------+-------++-------
Melee: Hand axe          |   102 |    54 ||   156
       Headbutt          |    14 |    13 ||    27
Invok: Berserk           |       |     1 ||     1
  Use: Scroll            |     6 |       ||     6
       Potion            |     3 |       ||     3
Armor: Chain mail        |    48 |    20 ||    68
Dodge: Dodged            |    41 |    17 ||    58
